 Dungeon Crawl Stone Soup version 0.29.1-1-gd02db6906a (webtiles) character file.

Game seed: 14297580483931915457

279 AlexRAT the Trooper (level 6, 0/84 HPs)
             Began as a Minotaur Berserker on Oct 11, 2022.
             Was a Believer of Trog.
             Slain by a quasit (1 damage)
             ... summoned by Eustachio
             ... on level 4 of the Dungeon.
             The game lasted 00:02:45 (2505 turns).

AlexRAT the Trooper (Minotaur Berserker)            Turns: 2505, Time: 00:02:45

Health: 0/84       AC:  9    Str: 23      XL:     6   Next: 5%
Magic:  5/5        EV:  8    Int:  4      God:    Trog [**....]
Gold:   125        SH:  0    Dex:  5 (10) Spells: 5/5 levels left

rFire   . . .      SeeInvis +   a - +0 hand axe
rCold   . . .      Faith    .   (no shield)
rNeg    . . .      Spirit   .   c - +0 chain mail
rPois   .          Reflect  .   (helmet restricted)
rElec   .          Harm     .   (no cloak)
rCorr   .          Rampage  .   (no gloves)
Will    .....                   (no boots)
Stlth   ..........              (no amulet)
HPRegen 0.24/turn               p - ring of see invisible
MPRegen 0.09/turn               (no ring)

@: berserking (expiring), lethally poisoned (0 -> -5), very quick
A: horns 2, retaliatory headbutt
a: Renounce Religion, Berserk, Trog's Hand


You were on level 4 of the Dungeon.
You worshipped Trog.
Trog was pleased with you.
You visited 1 branch of the dungeon, and saw 4 of its levels.

You collected 125 gold pieces.

Inventory:

Hand Weapons
 a - a +0 hand axe (weapon)
Missiles
 f - 5 javelins (quivered)
Armour
 b - a +0 animal skin
 c - a +0 chain mail (worn)
Jewellery
 p - a ring of see invisible (left hand)
Wands
 i - a wand of roots (11)
 o - a wand of acid (10)
Scrolls
 d - a scroll of blinking {unknown}
 e - 2 scrolls of enchant weapon {unknown}
 h - 2 scrolls of magic mapping {unknown}
 j - a scroll of identify {unknown}
 l - 2 scrolls of teleportation {unknown}
 m - a scroll of fear {unknown}
 n - 3 scrolls of vulnerability {unknown}
Potions
 g - a potion of flight {unknown}
 k - 2 potions of curing {unknown}


   Skills:
 + Level 5.1 Fighting
 + Level 5.1 Axes
 + Level 4.3 Armour
 + Level 3.9 Dodging


You had 5 spell levels left.
You didn't know any spells.
Your spell library was empty.

Dungeon Overview and Level Annotations

Branches:
Dungeon (4/15)
 Temple: D:4-7

Altars:
Gozag

Annotations:
D:4 Eustachio


Innate Abilities, Weirdness & Mutations

You have a pair of horns on your head.
You reflexively headbutt those who attack you in melee.


Message History

You hit the scorpion.
The scorpion is severely wounded.
You miss the quasit. You barely miss the crimson imp.
Eustachio yells, "Perjured traitor, DIE!"
Eustachio gestures wildly while chanting.
Eustachio blinks!
The crimson imp hits you but does no damage.
The quasit bites you but does no damage.
The quasit claws you but does no damage. x2
Unknown command.
You barely miss the scorpion. Your punch misses the scorpion.
The scorpion is severely wounded.
You slash the crimson imp! You miss the quasit. The scorpion stings you.
* * * LOW HITPOINT WARNING * * *
You are poisoned.
The scorpion poisons you!
You hit the scorpion.
The scorpion is almost dead.
You hit the crimson imp. You hit the quasit.
You feel sick. The quasit barely misses you.
The quasit claws you but does no damage.
The quasit barely misses you.
The crimson imp hits you but does no damage.
The scorpion barely misses you.
You closely miss the scorpion.
The scorpion is almost dead.
You miss the quasit. You closely miss the crimson imp.
You feel sick. The quasit bites you.
* * * LOW HITPOINT WARNING * * *
The quasit claws you.
* * * LOW HITPOINT WARNING * * *
The quasit closely misses you. The scorpion stings you.
* * * LOW HITPOINT WARNING * * *
The crimson imp hits you but does no damage.
You closely miss the scorpion.
The scorpion is almost dead.
You closely miss the quasit. You closely miss the crimson imp.
* * * LOW HITPOINT WARNING * * *
You feel sick. The quasit barely misses you. The quasit claws you.
You die...

..# ... #.# #.# # #.# .
#.#
################)####...
#...............@sr<....
#.##############55o..#.#
#.# #oo...# ..# #@..ยง.#
### #......# # #......#
# #........ # #######..
#


You could see Eustachio, a scorpion, an orc priest, a quasit (summoned), a
crimson imp (summoned), 2 orcs and a quokka.

Vanquished Creatures
  A black bear (D:4)
  An orc priest (D:4)
  An orc wizard (D:4)
  3 gnolls (D:2)
  3 adders
  An ufetubus (D:4)
  A worm (D:3)
  2 dart slugs
  4 orcs
  6 ball pythons
  3 endoplasms
  4 giant cockroaches
  3 goblins
  3 hobgoblins
  8 jackals
  3 kobolds
  3 quokkas
  5 bats
  2 frilled lizards
  5 rats
62 creatures vanquished.

Notes
Turn   | Place    | Note
-------+----------+-------------------------------------------
     0 | D:1      | AlexRAT the Minotaur Berserker began the quest for the Orb.
     0 | D:1      | Reached XP level 1. HP: 19/19 MP: 0/0
   146 | D:1      | Reached XP level 2. HP: 17/27 MP: 1/1
   533 | D:1      | Found a faded altar of an unknown god.
   931 | D:2      | Reached XP level 3. HP: 33/33 MP: 2/2
   954 | D:2      | Reached ** piety under Trog
  1255 | D:2      | Reached XP level 4. HP: 41/41 MP: 3/3
  1669 | D:2      | Identified the +1 robe "Resyma" {rElec Str-2 Stlth+
                  | Archmagi}
  2442 | D:4      | Found an opulent altar of Gozag.
  2483 | D:4      | Noticed Eustachio
  2484 | D:4      | Noticed a black bear
  2488 | D:4      | Noticed a scorpion
  2495 | D:4      | Reached XP level 5. HP: 34/47 MP: 4/4
  2498 | D:4      | Killed a black bear
  2499 | D:4      | Reached skill level 5 in Fighting
  2499 | D:4      | Reached skill level 5 in Axes
  2499 | D:4      | Reached XP level 6. HP: 16/56 MP: 5/5
  2504 | D:4      | HP: 2/84 [scorpion (6)]
  2505 | D:4      | Slain by a quasit

Illustrated notes

Levels and vault maps discovered:
D:1:      minmay_arrival_up_and_down, layout_loops_ring,
          dreamdust_ecumenical_altar_angels_and_demons
D:2:      layout_loops_ring
D:3:      minmay_chambers_of_threes, layout_basic,
          chequers_serial_rivers_small_3
D:4:      layout_basic, mainiacjoe_overflow_boulevard, trog_book,
          grunt_qazlal_clouds, uniq_eustachio

Skill      XL: |  1  2  3  4  5 |
---------------+----------------+-----
Axes           | 4 5 |  5.1
Fighting       | 4 5 |  5.1
Armour         | 3 4 |  4.3
Dodging        | 3 |  3.9

Action                   |  1- 3 |  4- 6 || total
-------------------------+-------+-------++-------
Melee: Hand axe          |    56 |    88 ||   144
       Headbutt          |     8 |    11 ||    19
       Punch             |       |     1 ||     1
Invok: Berserk           |     1 |     1 ||     2
Armor: Chain mail        |    36 |    70 ||   106
Dodge: Dodged            |    21 |    52 ||    73
